 Dungeon Crawl Stone Soup version 0.31-a0-18-gea43df2a32 (webtiles) character file.

Game seed: 9916769684995633509

273 Mickster the Chopper (level 6, -1/53 HPs)
             Began as a Hill Orc Berserker on May 11, 2023.
             Was a Believer of Trog.
             Killed from afar by an electric eel (7 damage)
             ... with a bolt of electricity
             ... on level 5 of the Dungeon.
             The game lasted 00:23:00 (2480 turns).

Mickster the Chopper (Hill Orc Berserker)           Turns: 2480, Time: 00:23:00

Health: -1/53      AC: 10    Str: 22    XL:     6   Next: 23%
Magic:  6/6        EV: 14    Int:  7    God:    Trog [**....]
Gold:   47         SH:  0    Dex: 10    Spells: 5/5 levels left

rFire   . . .        r - +4 quarterstaff (chaos)
rCold   . . .        (shield currently unavailable)
rNeg    . . .        m - +1 chain mail
rPois   .            (no helmet)
rElec   .            (no cloak)
rCorr   .            (no gloves)
SInv    .            (no boots)
Will    .....        p - amulet of magic regeneration Stlth
                     j - +5 ring of evasion
HPRegen 0.28/turn    (no ring)
MPRegen 0.50/turn

%: no passive effects
@: very slow
A: no striking features
a: Renounce Religion, Berserk, Trog's Hand


You were on level 5 of the Dungeon.
You worshipped Trog.
Trog was pleased with you.
You visited 1 branch of the dungeon, and saw 5 of its levels.

You collected 72 gold pieces.
You spent 25 gold pieces at shops.

Inventory:

Hand Weapons
 a - a +0 hand axe
 c - a +0 scimitar
 r - a +4 quarterstaff of chaos (weapon)
Missiles
 h - 18 stones (quivered)
Armour
 b - a +0 animal skin
 f - a +1 ring mail
 l - the +0 leather armour "Fohucs" {rF- Will+ Regen+ rCorr}
   (You found it on level 3 of the Dungeon)

   rF:        It makes you vulnerable to fire.
   Regen:     It increases your rate of health regeneration.
   rCorr:     It protects you from acid and corrosion.
   Will:      It increases your willpower.
 m - a +1 chain mail (worn)
 s - a +0 cloak
Jewellery
 j - a +5 ring of evasion (left hand)
 n - an amulet of magic regeneration
 p - an amulet of magic regeneration (around neck)
Scrolls
 d - 4 scrolls of teleportation
 i - a scroll of identify
 k - 2 scrolls of blinking {unknown}
 q - a scroll of poison {unknown}
Potions
 e - a potion of haste {unknown}
 g - a potion of attraction {unknown}
 o - a potion of cancellation {unknown}
 t - a potion of brilliance {unknown}
 u - a potion of curing


   Skills:
 + Level 4.7 Fighting
 - Level 6.7 Axes
 * Level 1.1 Staves
 + Level 3.3 Armour
 + Level 2.3 Dodging
 + Level 0.1 Stealth


You had 5 spell levels left.
You didn't know any spells.
Your spell library was empty.

Dungeon Overview and Level Annotations

Branches:
Dungeon (5/15)
 Temple: D:4-7

Altars:
Ru

Shops:
D:1 *


Message History

Trog accepts your kill.
Things that are here:
a +0 giant spiked club; an ogre corpse You feel a strong urge to attack something.
You are no longer berserk.
You are exhausted.
You feel yourself slow down.
u - a potion of curing You feel yourself speed up.
You recover from your berserk rage.
Things that are here:
a +0 giant spiked club; an ogre corpse
There is an escape hatch in the floor here.
You slide downwards.
The hatch slams shut behind you.
Found a long sword, a scroll of identify, a robe and a book of Callings.
The electric eel shoots out a bolt of lightning at you!
The bolt of electricity hits you!
The electric eel shoots out a bolt of lightning at you!
The bolt of electricity misses you.
The electric eel shoots out a bolt of lightning at you!
The bolt of electricity misses the electric eel.
The bolt of electricity hits you!
The electric eel shoots out a bolt of lightning at you!
Keep disrobing?
You stop removing your armour.
The bolt of electricity misses you.
The electric eel shoots out a bolt of lightning at you!
The bolt of electricity hits you!
The electric eel shoots out a bolt of lightning at you!
The bolt of electricity misses you.
The electric eel shoots out a bolt of lightning at you!
The bolt of electricity hits you!
* * * LOW HITPOINT WARNING * * *
The electric eel shoots out a bolt of lightning at you!
The bolt of electricity hits you!
* * * LOW HITPOINT WARNING * * *
You enter the shallow water.
Moving in this stuff is going to be slow.
The electric eel shoots out a bolt of lightning at you!
The bolt of electricity hits you!
You die...

## ..
#####
##≈≈≈##
#≈SS≈S#
#.:[.~#
#?P.@)#
#~P..P#
#.....#
#.....#
##+..##
####


You could see 3 electric eels.

Vanquished Creatures
  An ogre (D:4)
  An orc priest (D:3)
  Crazy Yiuf (D:3)
  An orc wizard (D:3)
  4 adders
  A worm (D:3)
  A dart slug (D:3)
  4 orcs (D:3)
  4 bats
  5 endoplasms
  2 giant cockroaches
  2 goblins
  8 hobgoblins
  4 quokkas
  12 ball pythons
  4 frilled lizards
  2 kobolds
  5 rats
62 creatures vanquished.

Notes
Turn   | Place    | Note
-------+----------+-------------------------------------------
     0 | D:1      | Mickster the Hill Orc Berserker began the quest for the
                  | Orb.
     0 | D:1      | Reached XP level 1. HP: 19/19 MP: 1/1
   330 | D:1      | Reached XP level 2. HP: 27/27 MP: 2/2
   381 | D:1      | Found Ikuruf's Assorted Antiques.
   424 | D:1      | Bought a scroll labelled GYWNATH ADGHU for 25 gold pieces
   460 | D:1      | Found a faded altar of an unknown god.
   721 | D:2      | Reached XP level 3. HP: 32/33 MP: 3/3
   735 | D:2      | Reached skill level 5 in Axes
   990 | D:2      | Found a sacrificial altar of Ru.
  1359 | D:3      | Reached XP level 4. HP: 40/40 MP: 4/4
  1523 | D:3      | Reached ** piety under Trog
  1558 | D:3      | Reached skill level 6 in Axes
  1588 | D:3      | Reached XP level 5. HP: 42/47 MP: 5/5
  1643 | D:3      | Identified the +0 leather armour "Fohucs" {rF- Will+ Regen+
                  | rCorr}
  2189 | D:3      | Found a runed translucent door.
  2190 | D:3      | Noticed Crazy Yiuf
  2198 | D:3      | Killed Crazy Yiuf
  2385 | D:4      | Noticed an ogre
  2394 | D:4      | Killed an ogre
  2395 | D:4      | Reached skill level 1 in Staves
  2395 | D:4      | Reached XP level 6. HP: 53/53 MP: 6/6
  2476 | D:5      | Entered Level 5 of the Dungeon
  2480 | D:5      | Killed from afar by an electric eel

Illustrated notes

Levels and vault maps discovered:
D:1:      wander_arrival_desolate, layout_rooms,
          shapermc_ecumenical_altar_ellora, serial_shops,
          nicolae_shop_tiny_statue_garden
D:2:      minmay_recursive_quarters, layout_basic, basic_altar, serial_glass,
          glass_columns_b, glass_columns_c, glass_columns_c, glass_columns_a,
          glass_columns_a, glass_columns_a
D:3:      layout_basic, kennysheep_doodads, skrybe_limestone_x,
          uniq_crazy_yiuf_cottage
D:4:      minmay_clustersquares, layout_basic, uniq_robin, uniq_ijyb
D:5:      cheibrodos_two_vegetables, layout_gridville, kb_xom_exploding_sheep,
          minmay_temple_entry_sparse_star, nicolae_shop_fire_sale
          [nicolae_sub_dead_trees], hangedman_decor_lopped,
          chequers_serial_rivers_large_b, serial_bayou_lagoon_a,
          nicolae_half_adder

Skill      XL: |  1  2  3  4  5 |
---------------+----------------+-----
Fighting       | 4 |  4.7
Axes           | 5 6 |  6.7
Dodging        | 2 |  2.3
Staves         | 1 |  1.1
Armour         | 3 |  3.3
Stealth        | |  0.1

Action                     |  1- 3 |  4- 6 || total
---------------------------+-------+-------++-------
  Melee: Hand axe          |   149 |    78 ||   227
         Punch             |     2 |     1 ||     3
         Quarterstaff      |       |    11 ||    11
 Invoke: Berserk           |       |     3 ||     3
         Trog's Hand       |       |     2 ||     2
    Use: Scroll            |     5 |     1 ||     6
         Potion            |     2 |     1 ||     3
 Armour: Ring mail         |    70 |    13 ||    83
         Animal skin       |     1 |       ||     1
         Chain mail        |       |    10 ||    10
         Leather armour    |       |     2 ||     2
  Dodge: Dodged            |    87 |    66 ||   153

Table legend: (Time is in decaauts)
 A = Elapsed time spent in this place.
 B = Non-inter-level travel time spent in this place.
 C = Inter-level travel time spent in this place.
 D = Time resting spent in this place.
 E = Time spent auto-exploring this place.
 F = Levels seen in this place.
 G = Mean time per level.
                   A        B        C        D        E       F      G
               +--------+--------+--------+--------+--------+-----+--------+
         Total |   2532 |   2384 |    148 |    449 |      0 |   5 |  506.4 |
       Dungeon |   2532 |   2384 |    148 |    449 |      0 |   5 |  506.4 |
               +--------+--------+--------+--------+--------+-----+--------+

Top non-repeatable levels by time:
     D:3: 989 daAuts
     D:2: 699 daAuts
     D:1: 640 daAuts
     D:4: 199 daAuts
     D:5: 3 daAuts
